 Dungeon Crawl Stone Soup version 0.27.1-3-gb3d3a73c9e (webtiles) character file.

Game seed: 9709585735308131056

41 unlimited1921 the Vexing (level 3, 0/28 HPs)
             Began as a Gnoll Arcane Marksman on Oct 26, 2021.
             Succumbed to an adder's poison
             ... on level 1 of the Dungeon.
             The game lasted 00:07:43 (1233 turns).

unlimited1921 the Vexing (Gnoll Arcane Marksman)    Turns: 1233, Time: 00:07:44

Health: 0/28       AC:  3    Str:  9    XL:     3   Next: 52%
Magic:  7/7        EV: 13    Int: 13    God:
Gold:   18         SH:  0    Dex: 12    Spells: 6/7 levels left

rFire    . . .     SeeInvis .   h - +0 spear
rCold    . . .     Faith    .   (no shield)
rNeg     . . .     Spirit   .   d - +0 robe
rPois    .         Reflect  .   (no helmet)
rElec    .         Harm     .   (no cloak)
rCorr    .         Rampage  .   (no gloves)
Will     .....                  e - +0 pair of boots
Stlth    +.........             (no amulet)
HPRegen  0.09/turn              (no ring)
MPRegen  0.10/turn              (no ring)

@: lethally poisoned (0 -> -6)
A: fangs 1, strong nose, distributed training
a: no special abilities


You were on level 1 of the Dungeon.
You visited 1 branch of the dungeon, and saw 2 of its levels.

You collected 18 gold pieces.

Inventory:

Hand Weapons
 a - a +0 hand crossbow
 b - a +0 dagger
 h - a +0 spear (weapon)
 m - a +0 hunting sling
Missiles
 c - 29 bolts
Armour
 d - a +0 robe (worn)
 e - a +0 pair of boots (worn)
 l - a +0 leather armour
Jewellery
 k - an amulet of reflection
Scrolls
 g - a scroll of enchant armour {unknown}
 i - a scroll of noise {unknown}
 n - a scroll of identify {unknown}
Potions
 f - 2 potions of heal wounds {unknown}
 j - a potion of haste {unknown}


   Skills:
 + Level 2.6 Fighting
 + Level 0.8 Short Blades
 + Level 0.8 Long Blades
 + Level 0.8 Axes
 + Level 0.8 Maces & Flails
 + Level 0.8 Polearms
 + Level 0.8 Staves
 + Level 0.8 Slings
 + Level 0.8 Bows
 + Level 4.5 Crossbows
 + Level 0.8 Throwing
 + Level 0.8 Armour
 + Level 4.5 Dodging
 + Level 0.8 Stealth
 + Level 0.8 Shields
 + Level 0.8 Unarmed Combat
 + Level 2.8 Spellcasting
 + Level 0.5 Conjurations
 + Level 5.4 Hexes
 + Level 0.5 Summonings
 + Level 0.5 Necromancy
 + Level 0.5 Translocations
 + Level 0.5 Transmutations
 + Level 0.5 Fire Magic
 + Level 0.5 Ice Magic
 + Level 0.5 Air Magic
 + Level 0.5 Earth Magic
 + Level 0.5 Poison Magic
 + Level 1.0 Invocations
 + Level 0.8 Evocations


You had 6 spell levels left.
You knew the following spells:

 Your Spells              Type           Power      Damage    Failure   Level
a - Corona                Hex            16%        N/A       2%          1

Your spell library contained the following spells:

 Spells                   Type           Power      Damage    Failure   Level
 Slow                     Hex            15%        N/A       3%          2
 Inner Flame              Hex/Fire       9%         N/A       21%         3
 Portal Projectile        Hex/Tloc       18%        N/A       21%         3
 Cause Fear               Hex            7%         N/A       26%         4


Dungeon Overview and Level Annotations

Branches:
Dungeon (2/15)

Altars:

Shops:
D:1 *


Innate Abilities, Weirdness & Mutations

You have very sharp teeth.
Your uncanny sense of smell can sniff out nearby items.
Your experience applies equally to all skills.


Message History

You are too injured to fight recklessly!
You are too injured to fight recklessly!
You are too injured to fight recklessly!
Unknown command.
Casting: Corona (safe; 2% risk of failure)
Confirm with . or Enter, or press ? or * to list all spells.
Okay, then.
Unknown command.
Unknown command.
You feel sick.
You feel sick. The adder bites you.
You're too inexperienced to learn that spell!
Unknown command.
You feel sick.
You feel sick.
You feel sick. The adder barely misses you.
You feel sick.
You are no longer poisoned.
The adder closely misses you.
You see here a +0 leather armour.
The adder misses you. The adder bites you but does no damage.
There is a stone staircase leading up here.
The adder bites you.
* * * LOW HITPOINT WARNING * * *
You climb upwards.
There is a stone staircase leading down here.
The adder bites you.
* * * LOW HITPOINT WARNING * * *
The adder closely misses you.
You see here a +0 dagger.
The adder closely misses you. The adder barely misses you.
The adder misses you. The adder bites you.
* * * LOW HITPOINT WARNING * * *
You are lethally poisoned!
The adder poisons you!
You see here 27 sling bullets.
You die...

###### #....# #....# #....# #####
#....# #...#
##########....###...#############
.........'......@(S..........).>#
#.########....#.#...###########.#
......# #....#'###.........# #.#
......# ####..........(....###.#
......# #...............'....
......# #...............#####
#†##### #...............# #.#
#......####.##### #.### #......#
#.#


You could see an adder.

Vanquished Creatures
  A gnoll (D:1)
  2 dart slugs (D:1)
  2 bats (D:1)
  3 endoplasms (D:1)
  2 giant cockroaches (D:1)
  2 goblins (D:1)
  A hobgoblin (D:1)
  3 kobolds (D:1)
  4 ball pythons (D:1)
  A frilled lizard (D:1)
  5 rats (D:1)
26 creatures vanquished.

Notes
Turn   | Place    | Note
-------+----------+-------------------------------------------
     0 | D:1      | unlimited1921 the Gnoll Arcane Marksman began the quest for
                  | the Orb.
     0 | D:1      | Reached XP level 1. HP: 17/17 MP: 4/4
    76 | D:1      | Reached XP level 2. HP: 23/23 MP: 5/5
   505 | D:1      | Found Yteluas's Assorted Antiques.
   621 | D:1      | Reached XP level 3. HP: 24/28 MP: 7/7
  1131 | D:1      | Reached skill level 1 in Invocations
  1233 | D:1      | Succumbed to an adder's poison

Illustrated notes

Levels and vault maps discovered:
D:1:      dpeg_arrival_short_road, layout_basic, serial_shops,
          nicolae_diamond_shop, serial_curves, eino_curves_01, eino_curves_03
D:2:      layout_basic

Skill      XL: |  1  2  3 |
---------------+----------+-----
Invocations    | 1 |  1.0
Fighting       | |  2.6
Short Blades   | |  0.8
Long Blades    | |  0.8
Axes           | |  0.8
Maces & Flails | |  0.8
Polearms       | |  0.8
Staves         | |  0.8
Slings         | |  0.8
Bows           | |  0.8
Crossbows      | |  4.5
Throwing       | |  0.8
Armour         | |  0.8
Dodging        | |  4.5
Stealth        | |  0.8
Shields        | |  0.8
Unarmed Combat | |  0.8
Spellcasting   | |  2.8
Conjurations   | |  0.5
Hexes          | |  5.4
Summonings     | |  0.5
Necromancy     | |  0.5
Translocations | |  0.5
Transmutations | |  0.5
Fire Magic     | |  0.5
Ice Magic      | |  0.5
Air Magic      | |  0.5
Earth Magic    | |  0.5
Poison Magic   | |  0.5
Evocations     | |  0.8

Action                   || total
-------------------------++-------
Melee: Spear             ||    55
       Bite              ||     4
 Fire: Hand crossbow     ||    30
Armor: Robe              ||    13
Dodge: Dodged            ||    44
